 Dungeon Crawl Stone Soup version 0.29.1-12-g30fa7ad0bf (webtiles) character file.

Game seed: 12427276630764493801

798 hawla the Firebug (level 8, -5/87 HPs)
             Began as a Meteoran Fire Elementalist on Jan 10, 2023.
             Was an Initiate of Vehumet.
             Slain by an orc
             ... wielding a +0 war axe
              (8 damage)
             ... on level 7 of the Dungeon.
             The game lasted 00:06:15 (1238 turns).

hawla the Firebug (Meteoran Fire Elementalist)      Turns: 1238, Time: 00:06:16

Health: -5/87      AC:  3    Str:  9    XL:     8   Next: 35%
Magic:  2/17       EV: 13    Int: 19    God:    Vehumet [......]
Gold:   190        SH:  0    Dex: 15    Spells: 11/18 levels left

rFire   . . .      SeeInvis .   j - +0 whip (flame)
rCold   . . .      Faith    .   (no shield)
rNeg    . . .      Spirit   .   a - +0 robe
rPois   +          Reflect  .   d - +0 helmet
rElec   .          Harm     .   (no cloak)
rCorr   .          Rampage  .   (no gloves)
Will    +....                   (no boots)
Stlth   ..........              (no amulet)
HPRegen 0.24/turn               g - ring of poison resistance
MPRegen 0.15/turn               (no ring)

@: berserking (expiring), glowing, very quick
A: sense surroundings 1, otherworldly, glowing, explore regen
a: Renounce Religion


You were on level 7 of the Dungeon.
You worshipped Vehumet.
Vehumet was noncommittal.
You visited 2 branches of the dungeon, and saw 8 of its levels.

You collected 190 gold pieces.

Inventory:

Hand Weapons
 j - a +0 whip of flaming (weapon)
Armour
 a - a +0 robe (worn)
 d - a +0 helmet (worn)
Jewellery
 g - a ring of poison resistance (left hand)
Wands
 b - a wand of flame (21) (quivered)
 m - a wand of mindburst (14)
Scrolls
 c - 2 scrolls of identify
Potions
 e - a potion of berserk rage
 f - a potion of attraction {unknown}
 h - a potion of brilliance {unknown}
 i - a potion of haste {unknown}
 l - a potion of curing {unknown}


   Skills:
 - Level 0.3 Fighting
 - Level 2.8 Dodging
 - Level 1.4 Stealth
 - Level 5.8 Spellcasting
 - Level 5.7 Conjurations
 - Level 6.7 Fire Magic
 + Level 2.6 Evocations


You had 11 spell levels left.
You knew the following spells:

 Your Spells              Type           Power      Damage    Failure   Level
a - Foxfire               Conj/Fire      100%       2x1d9     1%          1
b - Scorch                Fire           62%        2d8       1%          2
c - Flame Wave            Conj/Fire      29%        2d9       9%          4

Your spell library contained the following spells:

 Spells                   Type           Power      Damage    Failure   Level
 Conjure Flame            Conj/Fire      29%        6-21      2%          3
 Inner Flame              Hex/Fire       18%        N/A       9%          3
 Ensorcelled Hibernation  Hex/Ice        10%        N/A       17%         2
 Spider Form              Tmut/Pois      5%         N/A       34%         3
 Anguish                  Hex/Necr       2%         N/A       75%         4


Dungeon Overview and Level Annotations

Branches:
Dungeon (7/15) Zot: 3194   Temple (1/1) D:5 Zot: 369

Altars:
Cheibriados
Dithmenos
Elyvilon
Fedhas
Gozag
Hepliaklqana
Kikubaaqudgha
Makhleb
Nemelex Xobeh
Okawaru
Qazlal
Ru
Sif Muna
Trog
Uskayaw
Vehumet
Wu Jian
Xom
Yredelemnul
Zin


Innate Abilities, Weirdness & Mutations

You passively map a small area around you.
You are easily found by Zot.
You glow in the dark.
You regain HP and MP as you explore.


Message History

The orc closely misses you. The orc hits you with a +0 war axe.
Your magical contamination has completely faded away.
You closely miss the orc warrior.
The orc warrior is heavily wounded.
The orc warrior closely misses you.
You closely miss the orc warrior.
The orc warrior is heavily wounded.
The orc hits you with a +0 war axe. The orc warrior closely misses you.
You barely miss the orc warrior.
The orc warrior is heavily wounded.
The orc completely misses you. The orc hits you with a +0 war axe.
You closely miss the orc priest.
The orc warrior hits you but does no damage.
The orc priest hits you but does no damage.
The orc hits you but does no damage.
You barely miss the orc priest. The orc hits you with a +0 war axe.
The orc warrior hits you with a +0 short sword.
The orc priest calls down the wrath of Beogh upon you.
Pain shoots through your body! The orc hits you with a +0 dagger.
You whack the orc priest! You burn the orc priest.
The orc priest is heavily wounded.
The orc hits you with a +0 war axe.
The orc warrior hits you with a +0 short sword!
* * * LOW HITPOINT WARNING * * *
The orc priest hits you with a +0 whip.
* * * LOW HITPOINT WARNING * * *
You hit the orc priest. You burn the orc priest.
The orc priest is severely wounded.
The orc hits you but does no damage. The orc hits you with a +0 war axe!
* * * LOW HITPOINT WARNING * * *
Unknown command.
You whack the orc priest! You burn the orc priest.
You kill the orc priest!
Vehumet accepts your kill. The orc warrior misses you.
The orc closely misses you.
Unknown command.
You barely miss the orc warrior.
The orc warrior is moderately wounded.
The orc hits you with a +0 war axe!
You die...

, * ~ ...###..#
, ##..#....## ,
≈≈...#...# , ≈..
..§.#...# ,
≈≈.≈.,.§.....#
,, ....≈≈..#
§§§§.# *
...##~..###§o§#*
........#§o@o.#
* #.......§§§§.#
,
,#.......§§§§##
*#.....§§...# ~
#.........## , ~
#.......### *
~+....#..# ~ ~
#....#### , * ~~
#...##


You could see an orc warrior and 2 orcs.

Vanquished Creatures
  A sky beast (D:7)
  A black bear (D:4)
  2 ogres
  A bullfrog (D:7)
  A scorpion (D:5)
  A hound (D:4)
  2 orc priests
  2 orc wizards (D:5)
  Natasha (thrice) (D:4)
  2 iguanas
  2 adders
  A dart slug (D:4)
  4 orcs
  A giant cockroach (D:4)
  2 hobgoblins
  4 jackals (D:2)
  2 kobolds
  A quokka (D:4)
  4 ball pythons
  A bat (D:1)
  4 goblins
  3 rats
45 creatures vanquished.

Vanquished Creatures (others)
  109 foxfires
109 creatures vanquished.

Grand Total: 154 creatures vanquished

Notes
Turn   | Place    | Note
-------+----------+-------------------------------------------
     0 | D:1      | hawla the Meteoran Fire Elementalist began the quest for
                  | the Orb.
     0 | D:1      | Reached XP level 1. HP: 14/14 MP: 5/5
    62 | D:1      | Reached skill level 4 in Fire Magic
    62 | D:1      | Reached XP level 2. HP: 20/20 MP: 2/6
    65 | D:1      | Learned a level 2 spell: Scorch
   125 | D:2      | Reached XP level 3. HP: 26/26 MP: 2/8
   359 | D:4      | Reached XP level 4. HP: 33/33 MP: 7/9
   374 | D:4      | Reached skill level 5 in Fire Magic
   383 | D:4      | Learned a level 4 spell: Flame Wave
   447 | D:4      | Noticed a black bear
   452 | D:4      | Killed a black bear
   453 | D:4      | Reached XP level 5. HP: 38/38 MP: 5/11
   453 | D:4      | Reached XP level 6. HP: 45/45 MP: 5/12
   557 | D:4      | Noticed an ogre
   558 | D:4      | Noticed Natasha
   563 | D:4      | Killed Natasha
   564 | D:4      | Reached skill level 5 in Conjurations
   565 | D:4      | Killed an ogre
   566 | D:4      | Reached XP level 7. HP: 37/50 MP: 4/14
   615 | D:4      | Noticed Natasha
   619 | D:4      | Killed Natasha
   649 | D:4      | Noticed Natasha
   653 | D:4      | Killed Natasha
   806 | D:5      | Entered Level 5 of the Dungeon
   821 | D:5      | Reached skill level 6 in Fire Magic
   827 | D:5      | Reached skill level 5 in Spellcasting
   892 | D:5      | Found a staircase to the Ecumenical Temple.
   910 | Temple   | Entered the Ecumenical Temple
  1082 | Temple   | Became a worshipper of Vehumet
  1158 | D:5      | Reached XP level 8. HP: 57/57 MP: 12/17
  1236 | D:7      | HP: 3/87 [orc/+0 war axe (10)]
  1238 | D:7      | Slain by an orc

Illustrated notes

Levels and vault maps discovered:
D:1:      amcnicky_arrival_single_pillar, layout_basic,
          chequers_ecumenical_altar_island, minmay_split_cup_large
D:2:      layout_basic
D:3:      layout_basic, kennysheep_generic_room_4
D:4:      layout_cave_pools, minmay_misc_feat_columns, serial_bayou_ford_a,
          due_unseen_surprise, uniq_natasha
D:5:      layout_gridville, minmay_temple_entry_arrows, corexii_hall_statues_i,
          minmay_quadrilaterals
D:6:      layout_loops_ring
D:7:      layout_cave_pools, marbit_many_paths, serial_rivers,
          chequers_serial_rivers_room_b, chequers_serial_rivers_micro_b,
          chequers_serial_rivers_small_3, chequers_serial_rivers_large_a,
          chequers_serial_rivers_small_b, chequers_serial_rivers_small_b,
          amcnicky_mini_corridor_feature
Temple:   nicolae_temple_slightly_damp_pantheon

Skill      XL: |  1  2  3  4  5  6  7  8 |
---------------+-------------------------+-----
Fire Magic     | 4 5 6 |  6.7
Spellcasting   | 3 4 5 |  5.8
Conjurations   | 4 5 |  5.7
Evocations     | 2 |  2.6
Fighting       | |  0.3
Dodging        | |  2.8
Stealth        | |  1.4

Action                   |  1- 3 |  4- 6 |  7- 9 || total
-------------------------+-------+-------+-------++-------
Melee: Unarmed           |     4 |     1 |     3 ||     8
       Whip              |       |       |    10 ||    10
 Cast: Foxfire           |    27 |    14 |    23 ||    64
       Scorch            |     4 |     9 |    17 ||    30
  Use: Potion            |     1 |       |     1 ||     2
       Scroll            |     5 |       |     3 ||     8
Armor: Robe              |     1 |     1 |     4 ||     6
Dodge: Dodged            |     4 |     3 |    13 ||    20
